[Event "FIDE Zonal 2.5 Open 2019"]
[Site "Montevideo"]
[Date "2019.04.14"]
[Round "2.27"]
[White "Avedisian, Alexander"]
[Black "Ramirez Dominguez, Agustin"]
[Result "1/2-1/2"]
[ECO "A00"]
[WhiteElo "1898"]
[BlackElo "1907"]
[Annotator "NA"]
[PlyCount "96"]
[EventDate "2019.04.13"]
[EventType "swiss"]
[EventCountry "URU"]
[SourceTitle "playchess.com"]
[Source "ChessBase"]
[SourceQuality "1"]
[TimeControl "40/5400+30:1800+30"]

1. g3 g6 2. Bg2 Bg7 3. Nf3 Nf6 4. O-O O-O 5. c4 c5 6. Nc3 d5 7. cxd5 Nxd5 8. Nxd5 Qxd5 9. d3 Nc6 10. Ng5 Qd7 11. Qa4 Nd4 12. Qd1 Rb8 13. Nf3 Nxf3+ 14. Bxf3 b6 15. Qc2 Bb7 16. Bxb7 Qxb7 17. Bd2 Rbc8 18. Bc3 Rfd8 19. Bxg7 Kxg7 20. Qc3+ Kg8 21. a4 a6 22. b4 cxb4 23. Qxb4 Rc2 24. Rfe1 Rc7 25. Rab1 Rb8 26. e4 b5 27. axb5 Qxb5 28. Qa3 Qxb1 29. Rxb1 Rxb1+ 30. Kg2 Ra7 31. Qa5 Rbb7 32. Kf3 Kg7 33. g4 f6 34. h4 Rb5 35. Qa4 Rb6 36. g5 a5 37. Kg4 Rb4 38. Qa3 h5+ 39. gxh6+ Kxh6 40. f4 Rb5 41. f5 gxf5+ 42. exf5 a4 43. Qc1+ Kg7 44. Qe3 Rba5 45. h5 e5 46. h6+ Kh7 47. Kh5 R5a6 48. Qg1 a3 1/2-1/2

[Event "FIDE Zonal 2.5 Open 2019"]
[Site "Montevideo"]
[Date "2019.04.14"]
[Round "3.21"]
[White "Fein, Jorge"]
[Black "Avedisian, Alexander"]
[Result "1-0"]
[ECO "A04"]
[WhiteElo "1648"]
[BlackElo "1898"]
[Annotator "NA RC"]
[PlyCount "94"]
[EventDate "2019.04.13"]
[EventType "swiss"]
[EventCountry "URU"]
[SourceTitle "playchess.com"]
[Source "ChessBase"]
[SourceQuality "1"]
[TimeControl "40/5400+30:1800+30"]

1. Nf3 g6 2. e4 c5 3. d4 cxd4 4. Qxd4 Nf6 5. e5 Nc6 6. Qc3 {[%emt 0:01:28] B27: Sicilian: 2 Nf3, unusual Black 2nd moves} (6. Qa4 Nd5 7. Qe4 Nb6 8. Nc3 Bg7 9. Bf4 d5 10. exd6 Bf5 11. dxe7 Qd7 12. Qe3 Nb4 13. Rc1 Nxc2+ 14. Rxc2 Bxc2 15. Bb5 Bxc3+ 16. Qxc3 Qxb5 17. Qxh8+ Kxe7 {½-½ (22) Ortiz Suarez,I (2548)-Guseinov,G (2654) Barbera del Valles 2018}) 6... Ne4 7. Qe3 d5 8. exd6 Nxd6 9. Qc3 f6 10. Bf4 (10. Be3 $11) 10... e5 11. Be3 Nf5 $146 ({Predecessor:} 11... Be6 12. Nbd2 Rc8 13. Bc5 Na5 {0-1 (29) Lukosius,R (1816)-Malinin,Y (2216) Plateliai 2016}) 12. Qd2 (12. Bb5 $11) 12... Be6 13. Bb5 Bd5 ({Black should play} 13... Kf7 $17 14. Bxc6 bxc6) 14. c4 (14. Nc3 $11 Bxf3 15. gxf3) 14... Bxf3 15. Qxd8+ Rxd8 16. gxf3 Nfd4 17. Bxd4 Rxd4 18. Ke2 Kf7 19. Bxc6 bxc6 20. b3 Bh6 21. Nc3 Rd2+ 22. Ke1 Rhd8 23. Rg1 f5 24. Rg3 R2d3 25. Na4 Bf4 26. Rh3 h5 27. Nc5 Rd2 28. Na6 Bh6 29. Nb4 R2d6 30. Na6 $2 (30. c5 Bd2+ 31. Ke2) 30... Bf8 31. Nc5 (31. f4 $142 exf4 32. Kf1) 31... Rd4 32. Na4 Bb4+ 33. Kf1 Rd1+ 34. Rxd1 Rxd1+ 35. Kg2 f4 36. a3 Bxa3 $19 37. Nc3 Rd3 38. Ne4 Rxb3 39. Ng5+ Ke7 40. Ne4 a5 41. Nd2 Rb2 42. Ne4 Bb4 43. c5 a4 44. Nd6 Bxc5 45. Nc4 a3 46. Nxe5 Rxf2+ 47. Kh1 a2 1-0

[Event "FIDE Zonal 2.5 Open 2019"]
[Site "Montevideo"]
[Date "2019.04.14"]
[Round "3.22"]
[White "Ramirez Dominguez, Agustin"]
[Black "Rodriguez Farias, Eduardo"]
[Result "0-1"]
[ECO "B34"]
[WhiteElo "1907"]
[BlackElo "1898"]
[Annotator "NA RC"]
[PlyCount "35"]
[EventDate "2019.04.13"]
[EventType "swiss"]
[EventCountry "URU"]
[SourceTitle "playchess.com"]
[Source "ChessBase"]
[SourceQuality "1"]
[TimeControl "40/5400+30:1800+30"]

1. e4 c5 2. Nf3 Nc6 3. d4 cxd4 4. Nxd4 Nf6 5. Nc3 e5 6. Nf3 Bb4 7. Bd3 d5 8. exd5 Nxd5 9. Bd2 Nxc3 10. Bxc3 Bxc3+ 11. bxc3 Qa5 12. Qd2 O-O 13. Bc4 Bg4 14. Qe3 {[%emt 0:04:27] [#]} Nd4 $1 15. Nxd4 exd4 16. Qxd4 $2 (16. Qg3) 16... Rad8 17. Qxg4 Qxc3+ {[%emt 0:00:17] Double Attack} 18. Kf1 0-1

[Event "FIDE Zonal 2.5 Open 2019"]
[Site "Montevideo"]
[Date "2019.04.14"]
[Round "3.23"]
[White "Zaruski, Julio"]
[Black "Lanaro, Emilio"]
[Result "1-0"]
[ECO "E68"]
[WhiteElo "1842"]
[BlackElo "1694"]
[Annotator "NA RC"]
[PlyCount "115"]
[EventDate "2019.04.13"]
[EventType "swiss"]
[EventCountry "URU"]
[SourceTitle "playchess.com"]
[Source "ChessBase"]
[SourceQuality "1"]
[TimeControl "40/5400+30:1800+30"]

1. d4 Nf6 2. c4 g6 3. g3 Bg7 4. Bg2 O-O 5. Nf3 d6 6. O-O Nbd7 7. Nc3 e5 8. e4 a5 9. b3 exd4 10. Nxd4 Nc5 {[%emt 0:01:04] E68: King's Indian: Fianchetto: 6...Nbd7 7 0-0 e5 8 e4} 11. Bb2 Bg4 $146 ({Predecessor:} 11... c6 12. Qc2 Qb6 13. Rad1 a4 14. Rfe1 Ng4 15. h3 Ne5 16. Kh2 axb3 17. axb3 Ned3 18. Rxd3 Nxd3 19. Qxd3 Qxd4 {0-1 (26) Alagappan,M (2143)-Bitan,B (2306) Chennai 2009}) 12. f3 Bd7 13. Qd2 Re8 14. Rad1 Ne6 15. Nd5 Nxd5 16. Nxe6 Bxe6 17. cxd5 Bd7 18. Bxg7 Kxg7 19. Rc1 c5 20. dxc6 Bxc6 21. Rfd1 Qb6+ 22. Qd4+ Qxd4+ 23. Rxd4 f5 24. Rxd6 fxe4 25. fxe4 Bxe4 26. Rc7+ Kh6 27. h4 (27. Rdd7 $16 Bxg2 28. Rxh7+ (28. Kxg2 Rac8 $16) 28... Kg5 29. Kxg2) 27... Bxg2 (27... Bf5 $14) 28. Kxg2 Re2+ (28... b5 $16 {keeps fighting.}) 29. Kh3 Rg8 (29... Rh8 $142 30. a4 (30. Rxb7 Rxa2 31. Ra6 Ra1 $16) 30... Ree8 31. Rxb7 Rd8) 30. Rdd7 Rh8 31. a4 Re4 32. Rxb7 Rb4 33. g4 Rxb7 34. Rxb7 g5 35. Rb5 gxh4 36. Rxa5 Rc8 37. Kxh4 Rc3 38. Rb5 Rc1 39. Rb6+ Kg7 40. a5 Ra1 41. b4 Ra4 42. Kg5 h6+ 43. Kh5 Ra1 44. Rb7+ Kf6 45. Rb6+ $2 (45. Kh4 $18 Rh1+ 46. Kg3) 45... Kg7 $1 46. Kh4 (46. Rg6+ $142 Kf8 47. Rxh6) 46... Ra2 47. a6 Ra4 48. g5 hxg5+ 49. Kxg5 Kf7 50. Kf5 Ke7 51. Ke5 Kd7 52. b5 Kc7 53. Rb7+ Kc8 54. Kd5 Ra1 55. Kc6 Rh1 56. Kb6 Rh5 57. Rg7 Rh6+ 58. Ka7 1-0

[Event "FIDE Zonal 2.5 Open 2019"]
[Site "Montevideo"]
[Date "2019.04.14"]
[Round "3.24"]
[White "Manteiga, Franco"]
[Black "Pena Canapa, Alfredo"]
[Result "1/2-1/2"]
[ECO "A48"]
[WhiteElo "1684"]
[BlackElo "1811"]
[Annotator "NA RC"]
[PlyCount "103"]
[EventDate "2019.04.13"]
[EventType "swiss"]
[EventCountry "URU"]
[SourceTitle "playchess.com"]
[Source "ChessBase"]
[SourceQuality "1"]
[TimeControl "40/5400+30:1800+30"]

1. d4 Nf6 2. Nf3 g6 3. c4 c5 4. Nc3 cxd4 5. Nxd4 Nc6 6. Nxc6 bxc6 7. e4 d6 8. Be2 Bg7 9. O-O O-O 10. Be3 c5 {[%emt 0:08:42] B38: Sicilian: Maroczy Bind with 5...Bg7 and 7...0-0} (10... Bb7 11. f4 Nd7 12. Qd2 f5 13. exf5 gxf5 14. Bf3 Nf6 15. Rad1 Qc8 16. Rfe1 c5 17. Nd5 Rf7 18. Nxf6+ Bxf6 19. Bxb7 Qxb7 {½-½ (45) Velicka,P (2413)-Butkiewicz,L (2432) Czechia 2014}) 11. f3 Nd7 $146 ({Predecessor:} 11... Rb8 12. Qd2 Re8 13. Rfd1 Qb6 14. Rab1 Qa5 15. a3 Nd7 16. Nb5 Qxd2 17. Rxd2 Rb7 18. Rc2 {0-1 (48) Vargas,E (1928)-Guzman,C (1980) Manizales 2017}) 12. f4 Rb8 13. Qd2 Re8 14. Rad1 Qa5 15. Rc1 Nf8 16. f5 Nd7 17. Bh6 Bd4+ 18. Be3 Rxb2 19. Qxb2 Bxe3+ 20. Kh1 Bxc1 21. Qxc1 Nf6 (21... Ne5 $142 22. h3 Bb7) 22. fxg6 hxg6 23. Qe3 Be6 24. Rf4 Kg7 25. e5 dxe5 26. Qxe5 Rc8 27. g4 Qc7 28. Qe3 Rh8 29. Qg3 g5 30. Rf3 Qxg3 31. Rxg3 Rd8 32. h3 Rd2 33. Re3 Rc2 34. Kg1 Kf8 35. Kf1 Bd7 36. Ke1 Bc6 37. Kd1 Rb2 38. Kc1 Rb4 39. Re5 Nd7 40. Rxg5 f6 41. Rh5 Ne5 42. Rh8+ Kf7 43. Rc8 Rb7 44. Nd5 Ke6 45. Rc7 Rxc7 46. Nxc7+ Kd6 47. Nb5+ Bxb5 48. cxb5 Ng6 49. Kd2 Kc7 50. Ke3 e6 51. Ke4 Kd6 $18 (51... Kb6 $16 52. Bc4 Nh4) 52. a4 1/2-1/2

[Event "FIDE Zonal 2.5 Open 2019"]
[Site "Montevideo"]
[Date "2019.04.14"]
[Round "3.25"]
[White "Reolon, Victor"]
[Black "Palacio, Enzo"]
[Result "1-0"]
[ECO "D71"]
[WhiteElo "1659"]
[BlackElo "1745"]
[Annotator "NA RC"]
[PlyCount "93"]
[EventDate "2019.04.13"]
[EventType "swiss"]
[EventCountry "URU"]
[SourceTitle "playchess.com"]
[Source "ChessBase"]
[SourceQuality "1"]
[TimeControl "40/5400+30:1800+30"]

1. d4 Nf6 2. c4 g6 3. g3 Bg7 4. Bg2 O-O 5. e3 c6 6. Nf3 d5 7. Nc3 Nbd7 8. b3 e6 9. O-O c5 10. Bb2 cxd4 11. exd4 Nb6 12. c5 Nbd7 13. b4 Nb8 14. b5 Bd7 15. Ne5 Ne8 16. f4 Nc7 17. a4 h5 18. Ba3 h4 19. Qg4 hxg3 20. hxg3 a6 21. b6 Ne8 22. c6 Nxc6 23. Bxf8 Kxf8 24. Nxd5 Nxe5 25. fxe5 exd5 26. Qxg6 Nf6 27. Rxf6 Bxf6 28. Qxf6 Qxf6 29. exf6 Bc6 30. Kf2 Rd8 31. Rh1 Kg8 32. a5 Rd6 33. Rh6 Bd7 34. Bf3 Be6 35. Rh5 Rc6 36. Bxd5 Bxd5 37. Rxd5 Rxf6+ 38. Ke3 Rf1 39. Rd7 Ra1 40. Rxb7 Rxa5 41. Rc7 Rb5 42. b7 Kg7 43. d5 Kf6 44. d6 a5 45. d7 Ke7 46. d8=Q+ Kxd8 47. Rc8+ 1-0

[Event "FIDE Zonal 2.5 Open 2019"]
[Site "Montevideo"]
[Date "2019.04.14"]
[Round "3.26"]
[White "Campora, Edgardo"]
[Black "Romero, Robert"]
[Result "1-0"]
[ECO "B50"]
[WhiteElo "1705"]
[BlackElo "1599"]
[Annotator "NA RC"]
[PlyCount "65"]
[EventDate "2019.04.13"]
[EventType "swiss"]
[EventCountry "URU"]
[SourceTitle "playchess.com"]
[Source "ChessBase"]
[SourceQuality "1"]
[TimeControl "40/5400+30:1800+30"]

1. e4 c5 2. Nf3 d6 3. c3 e6 4. d4 cxd4 5. cxd4 Nf6 6. Bd3 Be7 7. Nc3 O-O 8. Bf4 b6 9. Rc1 Bb7 10. Qe2 Re8 11. O-O Nbd7 12. Nb5 Nf8 13. Nc7 Ng6 14. Bd2 Nh5 15. Bb1 Nf6 16. Nxe8 Qxe8 17. Rfe1 a5 18. Bd3 d5 19. e5 Ne4 20. Bb5 Qd8 21. Rc2 Nh4 22. Nxh4 Bxh4 23. g3 Be7 24. Be3 g6 25. f3 Ng5 26. h4 Ne4 27. fxe4 dxe4 28. Rec1 Bd5 29. Bc6 Rb8 30. Bxd5 exd5 31. Bh6 f5 32. e6 Bd6 33. Qa6 1-0

[Event "FIDE Zonal 2.5 Open 2019"]
[Site "Montevideo"]
[Date "2019.04.15"]
[Round "4.16"]
[White "Curia, Santiago Jose"]
[Black "Adasme Fredes, Mauricio"]
[Result "1-0"]
[ECO "B40"]
[WhiteElo "1989"]
[BlackElo "2086"]
[Annotator "NA RC"]
[PlyCount "93"]
[EventDate "2019.04.13"]
[EventType "swiss"]
[EventCountry "URU"]
[SourceTitle "playchess.com"]
[Source "ChessBase"]
[SourceQuality "1"]
[TimeControl "40/5400+30:1800+30"]

1. e4 c5 2. Nf3 e6 3. d3 Nc6 4. g3 Nge7 5. Bg2 g6 6. O-O Bg7 7. Re1 d6 8. c3 O-O 9. a3 e5 10. b4 h6 11. b5 {[%emt 0:00:34] A04: Unusual lines after 1 Nf3 and King's Indian Attack} Na5 12. c4 a6 $146 ({Predecessor:} 12... f5 13. Nc3 f4 14. h3 g5 15. Nh2 Bd7 16. Bd2 Qc8 17. g4 b6 18. Ra2 Rf7 {½-½ (79) Nevednichy,V (2590)-Ivanisevic,I (2619) Kozloduy 2013}) 13. a4 f5 14. Ra2 Kh7 15. Qc2 Be6 16. Nbd2 f4 17. gxf4 exf4 18. e5 d5 19. d4 (19. Ra3 $11 {remains equal.}) 19... Nxc4 20. Nxc4 dxc4 21. dxc5 Qd3 22. Rd1 Qxc2 23. Rxc2 Rad8 (23... axb5 $11 {keeps the balance.} 24. axb5 Ra4) 24. Rxd8 (24. Rd6 $16 Bg8 25. bxa6 bxa6 26. Bd2) 24... Rxd8 25. Bxf4 (25. Rd2 $11 Bd5 26. Bb2) 25... Rd1+ 26. Bf1 Bh3 $2 (26... Bd5 $17 {keeps the pressure on.} 27. Nd2 axb5 28. axb5 g5) 27. Rc1 Rxf1+ 28. Rxf1 Bxf1 $2 (28... axb5 29. axb5 Nd5) 29. Kxf1 (29. c6 $142 Nxc6 30. bxc6 (30. Kxf1 axb5 31. axb5 Ne7 $15) 30... bxc6 31. Kxf1) 29... g5 $2 {[%emt 0:00:18] [#]} (29... axb5 {was worth a try.} 30. axb5 g5) 30. c6 $1 bxc6 31. bxa6 Nc8 32. Be3 g4 33. Ne1 Bxe5 34. a7 Nxa7 35. Bxa7 Bxh2 36. a5 Kg6 37. a6 h5 38. Bd4 Bb8 39. Nc2 Kf5 40. Nb4 Ke4 41. Nxc6 h4 42. Nxb8 Kxd4 43. a7 c3 44. a8=Q c2 45. Qa1+ Kc4 46. Qc1 Kc3 47. Nd7 1-0

[Event "FIDE Zonal 2.5 Open 2019"]
[Site "Montevideo"]
[Date "2019.04.15"]
[Round "4.18"]
[White "Belmes, Martin"]
[Black "Rodriguez Farias, Eduardo"]
[Result "1-0"]
[ECO "B22"]
[WhiteElo "2081"]
[BlackElo "1898"]
[Annotator "NA RC"]
[PlyCount "95"]
[EventDate "2019.04.13"]
[EventType "swiss"]
[EventCountry "URU"]
[SourceTitle "playchess.com"]
[Source "ChessBase"]
[SourceQuality "1"]
[TimeControl "40/5400+30:1800+30"]

1. e4 c5 2. c3 Nf6 3. e5 Nd5 4. Nf3 e6 5. Bc4 d6 6. d4 cxd4 7. cxd4 Be7 8. O-O {[%emt 0:00:08] B22: Sicilian: 2 c3} O-O 9. Bd2 Nc6 10. Nc3 Nxc3 11. Bxc3 dxe5 (11... Qb6 12. a3 Bd7 13. Qd2 Rad8 14. Rfe1 dxe5 15. dxe5 Be8 16. Bd3 Bc5 {1-0 (43) Zhigalko,S (2604)-Hansen,E (2615) chess.com INT 2019}) 12. Nxe5 Nxe5 13. dxe5 Qxd1 $146 ({Predecessor:} 13... Bd7 14. Bd3 Bc6 15. Qc2 g6 16. Be4 Qb6 17. Bxc6 bxc6 {0-1 (24) Tscharotschkin,M (2148)-Ivic,V (2375) Paracin 2017}) 14. Rfxd1 Rd8 15. Rxd8+ Bxd8 16. Rd1 Be7 17. a4 Kf8 18. a5 a6 19. Bb3 f6 20. Bc2 f5 21. Ba4 Bc5 22. Rd8+ Ke7 23. Re8+ Kf7 24. Bd7 Bxd7 25. Rxa8 Bc6 26. Rd8 Be7 27. Rd1 Bd5 28. Bd4 Ke8 29. Rc1 Bc6 30. f4 Kf7 31. Bc5 Bd8 32. Bb6 Be7 33. g3 Ke8 34. Kf2 Kf7 35. Ke3 Ke8 36. Bc5 Bd8 37. b4 Kd7 38. Rc2 Ke8 (38... g5 {was called for.} 39. Rc4 h5) 39. Rd2 Bd7 (39... g5 $142 40. Ba7 Be7) 40. h3 Bc6 41. g4 Bb5 42. Rd6 Bd7 43. g5 Bc7 44. Rd1 Bd8 45. h4 Bc6 46. h5 Bd7 47. g6 h6 {[%emt 0:00:09] [#]} 48. Bf8 $18 1-0

[Event "FIDE Zonal 2.5 Open 2019"]
[Site "Montevideo"]
[Date "2019.04.15"]
[Round "4.19"]
[White "Pinero, Ismael"]
[Black "Sosa Macho, Juan Manuel"]
[Result "0-1"]
[ECO "B33"]
[WhiteElo "1872"]
[BlackElo "2076"]
[Annotator "NA RC"]
[PlyCount "79"]
[EventDate "2019.04.13"]
[EventType "swiss"]
[EventCountry "URU"]
[SourceTitle "playchess.com"]
[Source "ChessBase"]
[SourceQuality "1"]
[TimeControl "40/5400+30:1800+30"]

1. e4 c5 2. Nf3 Nc6 3. d4 cxd4 4. Nxd4 Nf6 5. Nc3 e5 6. Ndb5 d6 7. Bg5 a6 8. Na3 b5 9. Bxf6 gxf6 10. Nd5 Bg7 11. c3 f5 12. exf5 Bxf5 13. Nc2 O-O 14. Nce3 Be6 15. Bd3 f5 16. Bc2 Ra7 17. Qh5 {[%emt 0:03:40] B33: Sicilian: Pelikan and Sveshnikov Variations} Qd7 {[%emt 0:04:54] [#]} (17... Raf7 18. g4 Bxd5 19. Nxd5 e4 20. Nf4 Be5 21. Ne6 Qf6 22. Qg5+ Qxg5 23. Nxg5 Re7 24. gxf5 {½-½ (66) Conti,V (2532)-Lanc,A (2559) ICCF corr 1999}) 18. g4 $1 Bxd5 19. Nxd5 e4 20. Bb3 Kh8 21. gxf5 $146 ({Predecessor:} 21. Nf4 Ne5 22. g5 Nd3+ 23. Nxd3 exd3 24. O-O-O b4 {1-0 (43) Jain,A (1728)-Hylands,L (1888) London 2006}) 21... Rxf5 22. Qh3 Ne5 23. f4 $2 (23. Nb6 $15 Nd3+ 24. Qxd3 exd3 25. Nxd7 Rxd7 26. O-O-O Rxf2 27. Rxd3) 23... Nd3+ 24. Ke2 Rxd5 25. Qxd7 Rxd7 26. Bxd5 Nxf4+ 27. Ke3 Nxd5+ 28. Kxe4 Nb6 29. Kf5 Re7 30. Rae1 {[%emt 0:00:12] [#]} Be5 $1 31. Re2 a5 32. h4 $1 $11 Nd5 33. Re4 (33. Ke4 $142 Nf4 34. Rf2) 33... Nb6 $2 ({Better is} 33... Kg7 $19 34. Rg1+ Kf8) 34. b3 $2 Kg7 35. Rg1+ Kf7 36. c4 bxc4 37. bxc4 Rc7 38. h5 Nxc4 39. h6 Rc5 40. Rf1 $19 (40. Rb1 $142 Bg7+ 41. Kg4 Ne5+ 42. Kg5 Nd3+ 43. Kh4 Bf6+ 44. Kg3) 0-1

[Event "FIDE Zonal 2.5 Open 2019"]
[Site "Montevideo"]
[Date "2019.04.15"]
[Round "4.20"]
[White "Pichuaga, Juan Pablo"]
[Black "Zaruski, Julio"]
[Result "1-0"]
[ECO "D00"]
[WhiteElo "2021"]
[BlackElo "1842"]
[Annotator "NA RC"]
[PlyCount "87"]
[EventDate "2019.04.13"]
[EventType "swiss"]
[EventCountry "URU"]
[SourceTitle "playchess.com"]
[Source "ChessBase"]
[SourceQuality "1"]
[TimeControl "40/5400+30:1800+30"]

1. d4 d5 2. Bf4 e6 3. Nd2 c5 4. e3 Nc6 5. c3 Nf6 6. Ngf3 Bd6 7. Ne5 O-O 8. Bd3 cxd4 9. exd4 Ne7 10. O-O Nf5 $146 {[%emt 0:05:40] D02: 1 d4 d5 2 Nf3 sidelines, including 2...Nf6 3 g3 and 2...Nf6 3 Bf4} ({Predecessor:} 10... Qc7 11. Re1 Ng6 12. Bg3 Nd7 13. Ndf3 Bxe5 14. dxe5 Nc5 15. Bc2 b6 16. h4 Rd8 17. h5 Nf8 18. Bh4 {1-0 (29) Sipic,H (2192)-Lovakovic,F (1894) Croatia 2015}) 11. h3 Be7 12. Qe2 Nd6 13. Rae1 Bd7 14. g4 g6 ({Black should try} 14... Be8 $14) 15. Qf3 Bb5 {[%emt 0:04:51] [#]} 16. Bxb5 $1 Nxb5 17. Bh6 Ne4 $2 (17... Qa5 $16 {keeps fighting.} 18. Bxf8 Rxf8) 18. Nxe4 dxe4 19. Rxe4 Nd6 20. Bxf8 Qxf8 21. Re2 Qh6 22. Kg2 Rf8 23. Nd7 Rd8 24. Nf6+ Kg7 25. Ne4 Ne8 26. Qe3 g5 27. Ng3 Bd6 28. Nh5+ Kh8 29. h4 Bf4 30. Nxf4 gxf4 31. Qe5+ Nf6 32. Qg5 (32. g5 $142 Rg8 33. Kh3) 32... Qxg5 33. hxg5 Nd5 34. Kf3 b5 {[%emt 0:00:21] [#]} 35. a4 $1 a6 36. axb5 axb5 37. Ra1 Rd7 38. Ra8+ Kg7 39. Rb8 h6 40. gxh6+ Kxh6 41. Rxb5 Rc7 42. Re5 Kg6 43. Rexd5 exd5 $18 44. Rxd5 1-0

[Event "FIDE Zonal 2.5 Open 2019"]
[Site "Montevideo"]
[Date "2019.04.15"]
[Round "4.21"]
[White "Gaye, Gustavo"]
[Black "Campora, Edgardo"]
[Result "1-0"]
[ECO "A00"]
[WhiteElo "2000"]
[BlackElo "1705"]
[Annotator "NA RC"]
[PlyCount "45"]
[EventDate "2019.04.13"]
[EventType "swiss"]
[EventCountry "URU"]
[SourceTitle "playchess.com"]
[Source "ChessBase"]
[SourceQuality "1"]
[TimeControl "40/5400+30:1800+30"]

1. g3 Nf6 2. Bg2 g6 3. e4 d6 4. Nc3 Bg7 5. Nge2 c5 6. d3 Nc6 7. h3 Bd7 8. Be3 O-O 9. Qd2 Rb8 10. O-O b5 11. f4 b4 {[%emt 0:09:39] B26: Closed Sicilian: 3 g3, lines with early Be3} 12. Nd1 $1 e6 (12... a5 13. g4 a4 14. a3 Qa5 15. axb4 Qxb4 {0-1 (39) Ghaem Maghami,E (2579)-Gao,R (2427) Ho Chi Minh City 2012}) 13. Nf2 $146 ({Predecessor:} 13. g4 Ne8 14. f5 Nd4 15. Ng3 Be5 {½-½ (24) Vo,H (1996)-Tran,T (2001) Ho Chi Minh 2017}) 13... Ne8 14. e5 Qe7 ({Better is} 14... f5 $11) 15. Ne4 f5 16. Nxd6 Nxd6 17. Bxc5 {[%emt 0:06:57] Pin} Nxe5 18. fxe5 Bxe5 19. d4 Bf6 20. Rad1 a5 21. Qf4 e5 22. dxe5 Bxe5 23. Bxd6 $18 1-0

[Event "FIDE Zonal 2.5 Open 2019"]
[Site "Montevideo"]
[Date "2019.04.15"]
[Round "4.22"]
[White "Dotta, Gian Franco"]
[Black "Prieto Perez, Rodrigo"]
[Result "1-0"]
[ECO "C45"]
[WhiteElo "1959"]
[BlackElo "2037"]
[Annotator "NA RC"]
[PlyCount "37"]
[EventDate "2019.04.13"]
[EventType "swiss"]
[EventCountry "URU"]
[SourceTitle "playchess.com"]
[Source "ChessBase"]
[SourceQuality "1"]
[TimeControl "40/5400+30:1800+30"]

1. e4 e5 2. Nf3 Nc6 3. d4 exd4 4. Nxd4 Bc5 5. Be3 Qf6 6. Nb5 Bxe3 7. fxe3 Qe5 {[%emt 0:00:27] C45: Scotch Game} (7... Qh4+ 8. g3 Qxe4 9. Nxc7+ Kd8 10. Nxa8 Nf6 11. Qd6 Qxh1 12. Nd2 Qd5 13. Qc7+ Ke7 14. O-O-O Qc5 15. Qf4 d6 {1-0 (61) Ismagambetov,A (2477)-Jumabayev,R (2522) Kostanay 2013}) 8. N1c3 a6 9. Nd4 Nge7 10. Be2 $146 ({Predecessor:} 10. Bc4 O-O 11. O-O b5 12. Bb3 Na5 13. Nf5 Nxb3 14. axb3 Nc6 15. Qg4 {0-1 (33) Berkes,A (1826)-Krzesinski,P (1980) Frankfurt 2013}) 10... O-O 11. Qd2 d6 12. O-O f5 13. exf5 Bxf5 14. Rf4 Bg6 15. Raf1 b5 (15... Rxf4 $11 16. Rxf4 d5) 16. Bf3 Qc5 $2 {[%emt 0:15:18] [#]} (16... Rxf4 $16 17. exf4 Qc5) 17. Nxc6 $1 Nxc6 18. Qd5+ $18 (18. Bd5+ $142 Rf7 19. Rxf7 Bxf7 20. Rxf7) 18... Bf7 19. Qxc5 1-0

[Event "FIDE Zonal 2.5 Open 2019"]
[Site "Montevideo"]
[Date "2019.04.15"]
[Round "4.23"]
[White "Pena Canapa, Alfredo"]
[Black "Reolon, Victor"]
[Result "1-0"]
[ECO "A01"]
[WhiteElo "1811"]
[BlackElo "1659"]
[Annotator "NA RC"]
[PlyCount "92"]
[EventDate "2019.04.13"]
[EventType "swiss"]
[EventCountry "URU"]
[SourceTitle "playchess.com"]
[Source "ChessBase"]
[SourceQuality "1"]
[TimeControl "40/5400+30:1800+30"]

1. b3 e5 2. Bb2 Nc6 3. e3 d5 4. Bb5 Bd6 5. f4 Qe7 6. Nf3 d4 $2 {[%emt 0:32:42] A01: Nimzowitsch-Larsen Opening} ({Black should try} 6... f6 $14 7. fxe5 fxe5 8. Bxc6+ bxc6 9. Nxe5 Nf6 10. Nxc6 Qf7 11. O-O O-O 12. Bxf6 gxf6 13. Nc3 Kh8 14. Qf3 {1-0 (24) Nakamura,H (2777)-Hou,Y (2658) chess.com INT 2018}) 7. Bxc6+ bxc6 8. fxe5 Bxe5 9. Nxe5 Qxe5 10. O-O Qg5 $146 (10... Ne7 {was necessary.} 11. Bxd4 Qg5) ({Predecessor:} 10... Be6 11. Bxd4 Qg5 12. c4 Ne7 13. Qf3 O-O 14. Qf4 Qxf4 15. Rxf4 {1-0 (56) Gubela,H (1788)-Erofeev,A (1813) Oberhof 2013}) 11. Bxd4 Nh6 12. Qf3 O-O 13. Qf4 Qxf4 14. Rxf4 Nf5 15. Bc3 Rd8 16. Na3 Ne7 17. e4 f5 (17... a5 $16 18. Nc4 a4) 18. exf5 Bxf5 $2 (18... Nd5 19. Rf3 Nxc3) 19. Re1 g5 20. Rf2 Re8 21. d3 (21. Bf6 $142) 21... Bg6 22. Rfe2 Nd5 23. Rxe8+ Rxe8 24. Rxe8+ Bxe8 25. Bd2 h6 26. Nc4 Bh5 27. Ne5 Bd1 28. c4 Nf4 29. Bxf4 gxf4 30. Nxc6 a6 31. Kf2 Bc2 32. d4 Bb1 33. a3 Be4 34. d5 Kf8 35. Nd4 Ke7 36. g3 fxg3+ 37. hxg3 Kd6 38. Ke3 Bg6 39. b4 Bh7 40. Nf3 Bg6 41. Kd4 Be8 42. Nh4 Bd7 43. Ng6 Bf5 44. c5+ $2 (44. Nf4 c6 45. dxc6 Kxc6 46. a4) 44... Kd7 45. Nf4 Ke7 46. Ke5 Kf7 1-0

[Event "FIDE Zonal 2.5 Open 2019"]
[Site "Montevideo"]
[Date "2019.04.15"]
[Round "4.24"]
[White "Ramirez Dominguez, Agustin"]
[Black "Manteiga, Franco"]
[Result "1/2-1/2"]
[ECO "B30"]
[WhiteElo "1907"]
[BlackElo "1684"]
[Annotator "NA RC"]
[PlyCount "47"]
[EventDate "2019.04.13"]
[EventType "swiss"]
[EventCountry "URU"]
[SourceTitle "playchess.com"]
[Source "ChessBase"]
[SourceQuality "1"]
[TimeControl "40/5400+30:1800+30"]

1. e4 c5 2. Nf3 Nc6 3. Nc3 e5 4. Bc4 d6 5. d3 Be7 6. O-O Nf6 7. Bg5 {[%emt 0:01:02] B30: Sicilian: 2...Nc6 3 Bb5, lines without ...g6} (7. h3 O-O 8. Ne2 a6 9. a3 b5 10. Ba2 Be6 11. Bxe6 fxe6 12. Ng3 d5 13. Re1 d4 14. c3 Kh8 {0-1 (89) Aronian,L (2765)-Carlsen,M (2835) St Petersburg 2018}) 7... Bg4 8. Bxf6 Bxf6 9. Nb1 $146 ({Predecessor:} 9. h3 Be6 10. Nd5 O-O 11. Re1 Rb8 12. a4 Nd4 13. Nxd4 cxd4 14. c3 dxc3 15. bxc3 {½-½ (35) Savoca,A (2405)-Turati,P (2454) ICCF email 2012}) 9... Nd4 10. Nbd2 $1 O-O 11. c3 Ne6 12. Bxe6 fxe6 13. Qb3 Qe7 14. Rac1 Bh5 15. a4 Bf7 16. Rfd1 Rac8 17. Qa3 Bh5 18. Qb3 Bg5 (18... g5 $17 19. h3 g4 20. hxg4 Bxg4) 19. Nxg5 Bxd1 20. Rxd1 Qxg5 21. Qxe6+ Kh8 22. Qxd6 Rfd8 23. Nf3 Qxg2+ $14 24. Kxg2 1/2-1/2

[Event "FIDE Zonal 2.5 Open 2019"]
[Site "Montevideo"]
[Date "2019.04.15"]
[Round "4.25"]
[White "Palacio, Enzo"]
[Black "Fein, Jorge"]
[Result "1/2-1/2"]
[ECO "C53"]
[WhiteElo "1745"]
[BlackElo "1648"]
[Annotator "NA RC"]
[PlyCount "56"]
[EventDate "2019.04.13"]
[EventType "swiss"]
[EventCountry "URU"]
[SourceTitle "playchess.com"]
[Source "ChessBase"]
[SourceQuality "1"]
[TimeControl "40/5400+30:1800+30"]

1. e4 e5 2. Nf3 Nc6 3. Bc4 Bc5 4. c3 d6 5. d3 h6 6. Bb3 Nf6 7. Nbd2 O-O 8. O-O Ne7 9. Re1 c6 10. Nf1 Bg4 11. h3 Be6 12. Bc2 Ng6 13. Ng3 Qd7 14. d4 exd4 15. cxd4 Bb6 16. Be3 Qc7 17. Rc1 d5 18. e5 Nd7 19. Bxg6 fxg6 20. Nh4 g5 21. Ng6 Rf7 22. Qh5 Nf8 23. Bxg5 Nxg6 24. Qxg6 hxg5 25. Qxe6 Bxd4 26. Nf5 Bb6 27. Qg6 Bxf2+ 28. Kxf2 Rxf5+ 1/2-1/2